 Dungeon Crawl Stone Soup version 0.29.1-1-gd02db6906a (webtiles) character file.

Game seed: 8784944775244304522

1202 xian the Cudgeller (level 8, 0/96 (117) HPs)
             Began as a Troll Fighter on Sept 19, 2022.
             Slain by a wight
             ... wielding a +3 trident
              (6 damage)
             ... on level 6 of the Dungeon.
             The game lasted 00:10:45 (3563 turns).

xian the Cudgeller (Troll Fighter)                  Turns: 3563, Time: 00:10:45

HP:   0/96 (117)    AC:  4    Str: 33    XL:     8   Next: 21%
MP:   0/7           EV: 10    Int:  4    God:
Gold: 152           SH:  0    Dex:  9    Spells: 7/7 levels left

rFire   . . .      SeeInvis +   y - +4 flail
rCold   . . .      Faith    .   q - orb {*Rage}
rNeg    . . .      Spirit   +   b - +0 robe
rPois   .          Reflect  .   (helmet restricted)
rElec   .          Harm     .   (no cloak)
rCorr   .          Rampage  .   (gloves unavailable)
Will    .....      Rage     20% (boots unavailable)
Stlth   ..........              k - amulet of guardian spirit
HPRegen 1.06/turn               d - +6 ring of strength
MPRegen 0.10/turn               e - ring of see invisible

@: berserking (expiring), heavily drained, very quick
A: large, unfitting armour, claws 3, regeneration 1, shaggy fur 1, tough skin 1
a: no special abilities


You were on level 6 of the Dungeon.
You visited 1 branch of the dungeon, and saw 6 of its levels.

You collected 245 gold pieces.
You spent 93 gold pieces at shops.

Inventory:

Hand Weapons
 t - the +4 dagger of the Middle {pain, *Corrode rN+ Str+4}
   (You found it on level 4 of the Dungeon)

   In the hands of one skilled in necromantic magic, it inflicts extra damage on
   living creatures.
   Str:       It affects your strength (+4).
   rN:        It protects you from negative energy.
   *Corrode:  It may corrode you when you take damage.
 y - a +4 flail (weapon)
Missiles
 g - 26 boomerangs
 w - 7 large rocks (quivered)
 x - 3 poisoned darts
Armour
 b - a +0 robe (worn)
 c - a +0 kite shield
 q - an orb of wrath (worn)
Jewellery
 d - a +6 ring of strength (left claw)
 e - a ring of see invisible (right claw)
 h - a ring of resist corrosion
 k - an amulet of guardian spirit (around neck)
 n - a ring of wizardry
 o - a ring of fire
Scrolls
 a - 2 scrolls of teleportation
 r - a scroll of magic mapping
 v - a scroll of identify
 z - a scroll of fear {unknown}
Potions
 f - 2 potions of curing {unknown}
 i - a potion of magic {unknown}
 j - a potion of haste
 l - 2 potions of heal wounds {unknown}
 m - 2 potions of lignification {unknown}
 p - a potion of attraction {unknown}
 s - a potion of cancellation {unknown}
 u - a potion of mutation {unknown}


   Skills:
 + Level 4.0 Fighting
 + Level 6.1 Maces & Flails
 * Level 2.9 Throwing
 + Level 4.2 Dodging
 + Level 1.0 Stealth
 + Level 3.3 Shields


You had 7 spell levels left.
You didn't know any spells.
Your spell library contained the following spells:

 Spells                   Type           Power      Damage    Failure   Level
 Magic Dart               Conj           0%         1d3       50%         1
 Searing Ray              Conj           0%         2d4       65%         2
 Summon Guardian Golem    Hex/Summ       0%         N/A       86%         3
 Fulminant Prism          Conj/Hex       0%         3d6       99%         4
 Iskenderun's Mystic Bla  Conj/Tloc      0%         2d3       99%         4
 Lee's Rapid Deconstruct  Erth           0%         3d5*      100%        5
 Orb of Destruction       Conj           0%         9d5       100%        7
 Spellforged Servitor     Conj/Summ      0%         N/A       100%        7


Dungeon Overview and Level Annotations

Branches:
Dungeon (6/15)
 Temple: D:4-7

Altars:
Elyvilon

Shops:
D:2 =   D:3 *


Innate Abilities, Weirdness & Mutations

You are too large for most types of armour.
You have claws for hands.
Your natural rate of healing is unusually fast.
You are covered in fur. (AC +1)
You have tough skin. (AC +1)


Message History

You closely miss the wight.
The wight is almost destroyed.
The wight hits you from afar with a +3 trident!
* * * LOW HITPOINT WARNING * * *
You feel drained.
* * * LOW HITPOINT WARNING * * *
The wight hits you with a +0 mace.
* * * LOW HITPOINT WARNING * * *
You barely miss the wight.
The wight is almost destroyed.
The wight hits you from afar with a +3 trident.
* * * LOW HITPOINT WARNING * * *
The wight hits you with a +0 mace.
* * * LOW HITPOINT WARNING * * *
You feel drained.
You barely miss the wight.
The wight is almost destroyed.
You sock the wight!
You destroy the wight!
The wight misses you. The wight hits you with a +3 trident.
* * * LOW HITPOINT WARNING * * *
You feel drained.
* * * LOW HITPOINT WARNING * * *
There is an open door here.
Things that are here:
a +0 mace; a +0 robe
Found a stone staircase leading down.
You feel a strong urge to attack something.
Items here: ( )) [[.
You sock the wight!
The wight is heavily damaged.
The wight hits you with a +3 trident!
* * * LOW HITPOINT WARNING * * *
You feel drained.
* * * LOW HITPOINT WARNING * * *
You closely miss the wight.
The wight is heavily damaged.
The wight hits you with a +3 trident.
You die...

#.# ### # #.# ##. #. #.#
##.. ##'# #####<####...
##...# #........#...
#.....# #.###.##.#...
.......## #..##.##.##..
......(z####...#.##.###.
.......@)...............
>.......####).....<.####
.......## ##.#######
#.....# #.# ##...# #.#
##'# #.# #. #.# #


You could see a wight.

Vanquished Creatures
  Edmund (D:4)
  A black bear (D:5)
  2 ogres
  A necrophage (D:5)
  8 wights (D:6)
  3 hounds
  A jelly (D:5)
  Terence (D:3)
  2 iguanas
  An orc wizard (D:3)
  4 adders
  A shadow imp (D:6)
  A white imp (D:5)
  4 dart slugs
  12 orcs
  8 endoplasms
  2 giant cockroaches (D:4)
  12 goblins
  4 hobgoblins (D:4)
  8 kobolds
  2 quokkas
  8 ball pythons
  4 bats
  2 frilled lizards (D:1)
  3 rats
96 creatures vanquished.

Notes
Turn   | Place    | Note
-------+----------+-------------------------------------------
     0 | D:1      | xian the Troll Fighter began the quest for the Orb.
     0 | D:1      | Reached XP level 1. HP: 22/22 MP: 0/0
   225 | D:1      | Reached XP level 2. HP: 29/29 MP: 1/1
   289 | D:1      | Reached skill level 2 in Maces & Flails
   562 | D:2      | You fall into a shaft and drop 1 floor!
  1054 | D:2      | Reached XP level 3. HP: 36/36 MP: 2/2
  1238 | D:2      | Found Duofinor's Jewellery Emporium.
  1597 | D:3      | Noticed Terence
  1608 | D:3      | Killed Terence
  1609 | D:3      | Reached XP level 4. HP: 42/44 MP: 3/3
  1637 | D:3      | Found a faded altar of an unknown god.
  2034 | D:3      | Found Eptyseochil's Assorted Antiques.
  2041 | D:3      | Bought a scroll labelled NUNIL EMURGHOAROU for 24 gold
                  | pieces
  2041 | D:3      | Bought a scroll labelled CEOZIQ PIYTE for 24 gold pieces
  2041 | D:3      | Bought a scroll labelled BID HUVORACKO for 24 gold pieces
  2041 | D:3      | Bought a red potion for 21 gold pieces
  2221 | D:3      | Reached skill level 3 in Maces & Flails
  2303 | D:4      | Reached XP level 5. HP: 18/52 MP: 0/4
  2465 | D:4      | Noticed Edmund
  2475 | D:4      | Killed Edmund
  2476 | D:4      | Reached skill level 4 in Maces & Flails
  2476 | D:4      | Reached XP level 6. HP: 14/61 MP: 0/5
  2659 | D:4      | Identified the +4 dagger of the Middle {pain, *Corrode rN+
                  | Str+4}
  2843 | D:4      | Reached skill level 1 in Throwing
  2907 | D:5      | Entered Level 5 of the Dungeon
  3006 | D:5      | Reached XP level 7. HP: 67/67 MP: 6/6
  3149 | D:5      | Reached skill level 5 in Maces & Flails
  3407 | D:6      | Found a white marble altar of Elyvilon.
  3488 | D:6      | Reached XP level 8. HP: 30/72 MP: 2/7
  3551 | D:6      | Reached skill level 6 in Maces & Flails
  3551 | D:6      | Reached skill level 1 in Stealth
  3563 | D:6      | Slain by a wight

Illustrated notes

Levels and vault maps discovered:
D:1:      dpeg_arrival_signposts, layout_rooms
D:2:      kennysheep_big_flooded_room, layout_loops_corners, serial_shops,
          nicolae_shop_trees, minmay_goblin_kobold_house
D:3:      layout_basic, serial_shops, shop, shapermc_ecumenical_altar_pompeii,
          uniq_terence
D:4:      layout_rooms, minmay_ogre_servants, uniq_edmund
D:5:      layout_rooms
D:6:      layout_loops_corners, elyvilon_altar_1, led_xom_imps,
          minmay_temple_entry_fiery, kennysheep_generic_room_8

Skill      XL: |  1  2  3  4  5  6  7  8 |
---------------+-------------------------+-----
Maces & Flails | 2 3 4 5 6 |  6.1
Shields        | 3 |  3.3
Dodging        | 3 4 |  4.2
Fighting       | 3 4 |  4.0
Throwing       | 1 2 |  2.9
Stealth        | 1 |  1.0

Action                   |  1- 3 |  4- 6 |  7- 9 || total
-------------------------+-------+-------+-------++-------
Melee: Flail             |   106 |    92 |    38 ||   236
Throw: Stone             |     9 |       |       ||     9
       Boomerang         |     2 |     9 |       ||    11
       Large rock        |       |     5 |    11 ||    16
  Use: Potion            |     1 |     3 |       ||     4
       Scroll            |       |     8 |       ||     8
Armor: Robe              |    49 |    30 |     9 ||    88
Dodge: Dodged            |    56 |    31 |    31 ||   118
Block: Kite shield       |    58 |    13 |       ||    71
